 Dungeon Crawl Stone Soup version 0.24.1-14-gf8d2b509d9 (webtiles) character file.

Game seed: 3474971007225871594, levelgen mode: deterministic

1253 Hugehornet the Covert (level 8, 0/75 HPs)
             Began as an Octopode Assassin on May 19, 2020.
             Was an Initiate of Gozag.
             Slain by a gnoll sergeant
             ... wielding a +2 spear of venom
              (3 damage)
             ... on level 6 of the Dungeon.
             The game lasted 00:13:15 (4766 turns).

Hugehornet the Covert (Octopode Assassin)           Turns: 4766, Time: 00:13:18

Health: 0/75       AC:  1    Str: 19    XL:     8   Next: 51%
Magic:  21/21      EV: 13    Int: 16    God:    Gozag
Gold:   561        SH:  0    Dex: 13    Spells: 10/13 levels left

rFire    + . .     SeeInvis .   u - +1 dagger (drain)
rCold    + . .     Gourm    .   (no shield)
rNeg     . . .     Faith    .   (helmet restricted)
rPois    +         Spirit   .   (no amulet)
rElec    +         Reflect  .   i - ring of magical power
rCorr    +         Harm     .   k - +4 ring of strength
MR       .....                  j - ring of flight
Stlth    ..........             (no ring)
HPRegen  0.22/turn              (no ring)
MPRegen  0.17/turn              (no ring)
                                (no ring)
                                (no ring)

@: mighty, berserking, resistant, gold aura, very quick
A: almost no armour, stealthy swim, amphibious, 8 rings, constrict 8, camouflage
1, gelatinous body 1
a: Potion Petition, Call Merchant, Bribe Branch, Renounce Religion, Evoke Flight


You were on level 6 of the Dungeon.
You worshipped Gozag.
Gozag was pleased with you.
You were not hungry.

You visited 1 branch of the dungeon, and saw 6 of its levels.

You collected 594 gold pieces.
You paid 33 gold pieces to Gozag.

Inventory:

Hand Weapons
 f - a +3 dagger
 u - a +1 dagger of draining (weapon)
 z - a +1 dagger of protection
Missiles
 b - 20 poisoned darts
 c - 2 curare-tipped darts (quivered)
 A - 51 stones
 B - 7 arrows
 C - 16 sling bullets
Jewellery
 i - a ring of magical power (left tentacle)
 j - a ring of flight (on tentacle)
 k - a +4 ring of strength (right tentacle)
Wands
 h - a wand of clouds (3)
 D - a wand of random effects (7)
Scrolls
 g - a scroll of amnesia {unknown}
 l - 3 scrolls of magic mapping
 n - 2 scrolls of random uselessness {unknown}
 o - 6 scrolls of remove curse
 p - 2 scrolls of teleportation {unknown}
 q - 3 scrolls of enchant armour {unknown}
 r - a scroll of immolation {unknown}
 s - 2 scrolls of fear {unknown}
 t - a scroll of fog {unknown}
 y - 2 scrolls of enchant weapon {unknown}
Potions
 e - 2 potions of might
Comestibles
 d - 10 rations


   Skills:
 - Level 2.0 Fighting
 + Level 3.9 Short Blades
 - Level 3.7 Throwing
 - Level 1.0 Dodging
 * Level 11.9 Stealth
 - Level 3.0 Spellcasting
 - Level 1.1 Hexes
 * Level 1.0 Transmutations


You had 10 spell levels left.
You knew the following spells:

 Your Spells              Type           Power        Failure   Level  Hunger
a - Confusing Touch       Hex            #.....       12%         1    #......
b - Sticks to Snakes      Tmut           #.......     19%         2    ##.....

Your spell library contained the following spells:

 Spells                   Type           Power        Failure   Level  Hunger
 Beastly Appendage        Tmut           #.....       12%         1    #......
 Confuse                  Hex            #.......     34%         3    ###....
 Spider Form              Tmut/Pois      #.........   41%         3    ###....
 Gell's Gravitas          Tloc           #.........   50%         3    ###....
 Ice Form                 Ice/Tmut       #.......     83%         4    #####..
 Petrify                  Tmut/Erth      #.......     83%         4    #####..
 Yara's Violent Unravell  Hex/Tmut       #.........   97%         5    ######.
 Blade Hands              Tmut           #.........   98%         5    ######.
 Metabolic Englaciation   Hex/Ice        #.........   99%         5    ######.


Dungeon Overview and Level Annotations

Branches:
Dungeon (6/15)
 Temple: D:4-7

Altars:
Fedhas
Gozag

Annotations:
D:6 exclusion: gargoyle


Innate Abilities, Weirdness & Mutations

You cannot wear most types of armour.
You are very stealthy in the water. (Stealth+)
You are amphibious.
You can wear up to eight rings at the same time.
You can use your tentacles to constrict eight enemies at once.
Your skin changes colour to match your surroundings (Stealth+).
Your rubbery body absorbs attacks. (AC +1, EV +1)


Message History

The arrow closely misses you.
The centaur unwields a +5 shortbow.
The centaur hits you.
The gnoll sergeant hits you from afar with a +2 spear of venom.
You see here 8 gold pieces.
You puncture the centaur!
You kill the centaur!
Your Transmutations skill increases to level 1!
The gnoll sergeant hits you from afar with a +2 spear of venom!
* * * LOW HITPOINT WARNING * * *
You feel better.
The gnoll sergeant hits you from afar with a +2 spear of venom!
* * * LOW HITPOINT WARNING * * *
It was a potion of berserk rage.
A red film seems to cover your vision as you go berserk!
You feel yourself moving faster!
You feel mighty! The gnoll hits you with a +0 whip!
* * * LOW HITPOINT WARNING * * *
The gnoll sergeant hits you from afar with a +2 spear of venom.
You die...
Your body crumbles into a pile of gold.

#.# #.# ##### #.# ...#
#.# ####.## #.#
##.....####.#### ##
##.#.#..........#
##...####.###.#.####.#...
.......(@g# ##..# #.....
##...####g## ##.# #.#...
## #g.# .## #.##.#
#(#....#####.##.#
#.##.#.##.....#.# $
..$....##.##.....
........#...#.....
<...........[...#.#
.........##...#.##.#


You could see a gnoll sergeant and 2 gnolls.

Vanquished Creatures
  Sigmund (D:2)
  Eustachio (D:6)
  Edmund (D:5)
  An ogre (D:4)
  2 centaurs
  2 bullfrogs (D:6)
  A crimson imp (D:6)
  3 orc wizards
  4 hounds
  An iguana (D:5)
  3 worker ants
  2 gnolls (D:6)
  A howler monkey skeleton (D:6)
  3 adders (D:6)
  A shadow imp (D:6)
  2 worms (D:2)
  A dart slug (D:1)
  A leopard gecko (D:1)
  9 orcs
  5 giant cockroaches
  4 goblins
  8 hobgoblins
  11 jackals
  A kobold (D:1)
  4 quokkas
  2 ball pythons
  5 bats
  5 frilled lizards
  A quokka skeleton (D:5)
  5 rats
91 creatures vanquished.

Notes
Turn   | Place    | Note
-------+----------+-------------------------------------------
     0 | D:1      | Hugehornet the Octopode Assassin began the quest for the
                  | Orb.
     0 | D:1      | Reached XP level 1. HP: 14/14 MP: 1/1
   120 | D:1      | Reached XP level 2. HP: 17/19 MP: 2/2
   584 | D:1      | Reached skill level 6 in Stealth
   595 | D:1      | Reached XP level 3. HP: 18/24 MP: 3/3
   955 | D:2      | Noticed Sigmund
  1011 | D:2      | Killed Sigmund
  1011 | D:2      | Reached skill level 7 in Stealth
  1011 | D:2      | Reached XP level 4. HP: 29/29 MP: 4/4
  1011 | D:2      | Reached XP level 5. HP: 34/34 MP: 5/5
  1118 | D:2      | Found a faded altar of an unknown god.
  1120 | D:2      | You fall into a shaft and drop 1 floor!
  1541 | D:3      | Learned a level 1 spell: Confusing Touch
  1862 | D:2      | Found an opulent altar of Gozag.
  1868 | D:2      | Became a worshipper of Gozag Ym Sagoz the Greedy
  2622 | D:4      | Reached skill level 8 in Stealth
  2622 | D:4      | Reached XP level 6. HP: 39/39 MP: 7/7
  2697 | D:4      | Reached skill level 1 in Spellcasting
  3171 | D:5      | Entered Level 5 of the Dungeon
  3185 | D:5      | Noticed Edmund
  3263 | D:5      | Reached skill level 9 in Stealth
  3263 | D:5      | Reached XP level 7. HP: 18/45 MP: 11/11
  3635 | D:5      | Reached skill level 1 in Hexes
  3737 | D:5      | Found a blossoming altar of Fedhas.
  4243 | D:5      | Killed Edmund
  4243 | D:5      | Reached skill level 10 in Stealth
  4279 | D:6      | Noticed a gargoyle
  4284 | D:6      | Noticed Eustachio
  4300 | D:6      | Killed Eustachio
  4300 | D:6      | Reached skill level 11 in Stealth
  4300 | D:6      | Reached XP level 8. HP: 50/50 MP: 12/12
  4570 | D:6      | Learned a level 2 spell: Sticks to Snakes
  4764 | D:6      | Reached skill level 1 in Transmutations
  4766 | D:6      | HP: 3/75 [gnoll/+0 whip (10)]
  4766 | D:6      | Slain by a gnoll sergeant

Levels and vault maps discovered:
D:1:      scummos_arrival_simple_crosswalls, layout_basic
D:2:      layout_basic, chequers_ecumenical_altar_simple_redux,
          chequers_serial_rivers_micro_c, grunt_gozag_breadcrumbs, uniq_sigmund
D:3:      layout_rooms, serial_aquarium, aquarium_bridge_straight
          [aquarium_subvault_bridge, aquarium_subvault_wall,
          aquarium_subvault_bridge, aquarium_subvault_wall],
          aquarium_window_corridor_3, aquarium_window_fake, aquarium_view_2d,
          aquarium_view_2d, aquarium_pool_S
D:4:      layout_loops_ring
D:5:      layout_basic, first_ration, fedhas_ov_isle_minmay, uniq_edmund
D:6:      layout_loops_ring, minmay_joined_circles, uniq_eustachio

Skill      XL: |  1  2  3  4  5  6  7  8 |
---------------+-------------------------+-----
Stealth        | 6 7 8 9 11 | 11.9
Short Blades   | 3 |  3.9
Throwing       | 3 |  3.7
Spellcasting   | 2 3 |  3.0
Hexes          | 1 |  1.1
Transmutations | 1 |  1.0
Fighting       | |  2.0
Dodging        | |  1.0

Action                   |  1- 3 |  4- 6 |  7- 9 || total
-------------------------+-------+-------+-------++-------
Melee: Dagger            |    56 |    89 |    77 ||   222
       Constrict         |    14 |    18 |    14 ||    46
       Tentacles         |     9 |    19 |    16 ||    44
Throw: Dart              |     2 |       |       ||     2
  Use: Scroll            |       |     4 |     1 ||     5
       Potion            |       |     1 |    10 ||    11
 Stab: Sleeping          |     5 |    12 |    10 ||    27
  Eat: Chunk             |       |     3 |       ||     3
       Ration            |       |     1 |     2 ||     3
Armor: Skin              |     3 |     6 |     5 ||    14
Dodge: Dodged            |    33 |    41 |    44 ||   118
